 Dungeon Crawl Stone Soup version 0.29-a0-322-g68df515428 (webtiles) character file.

Game seed: 912974641325337227

75 kae the Firebug (level 4, -3/25 HPs)
             Began as a Tengu Fire Elementalist on Apr 8, 2022.
             Slain by Sigmund
             ... wielding a +0 scythe
              (7 damage)
             ... on level 3 of the Dungeon.
             The game lasted 00:01:07 (2814 turns).

kae the Firebug (Tengu Fire Elementalist)           Turns: 2814, Time: 00:01:07

Health: -3/25      AC:  3    Str:  6 (9)  XL:     4   Next: 31%
Magic:  8/8        EV: 12    Int: 14 (17) God:
Gold:   91         SH:  0    Dex: 11 (14) Spells: 4/7 levels left

rFire   + . .      SeeInvis .   g - +3 dagger
rCold   + . .      Faith    .   (no shield)
rNeg    . . .      Spirit   .   a - +0 robe
rPois   +          Reflect  .   (helmet restricted)
rElec   +          Harm     .   (no cloak)
rCorr   +          Rampage  .   h - +0 pair of gloves
Will    .....                   (boots unavailable)
Stlth   +.........              (no amulet)
HPRegen 0.08/turn               (no ring)
MPRegen 0.11/turn               (no ring)

@: confused, mighty, resistant
A: beak, talons 3
a: no special abilities


You were on level 3 of the Dungeon.
You visited 1 branch of the dungeon, and saw 3 of its levels.

You collected 91 gold pieces.

Inventory:

Hand Weapons
 g - a +3 dagger (weapon)
Armour
 a - a +0 robe (worn)
 h - a +0 pair of gloves (worn)
Scrolls
 c - a scroll of immolation {unknown}
 d - 7 scrolls of identify {unknown}
 e - 2 scrolls of amnesia {unknown}
 f - a scroll of teleportation {unknown}
Potions
 b - a potion of magic
 k - a potion of might
 l - a potion of heal wounds


   Skills:
 + Level 1.2 Fighting
 + Level 1.3 Armour
 + Level 2.8 Dodging
 - Level 2.0 Stealth
 + Level 2.4 Spellcasting
 + Level 2.5 Conjurations
 + Level 3.8 Fire Magic


You had 4 spell levels left.
You knew the following spells:

 Your Spells              Type           Power      Damage    Failure   Level
a - Foxfire               Conj/Fire      40%        2x1d6     6%          1
b - Scorch                Fire           24%        2d6       8%          2

Your spell library contained the following spells:

 Spells                   Type           Power      Damage    Failure   Level
 Conjure Flame            Conj/Fire      10%        6-21      19%         3
 Inner Flame              Hex/Fire       7%         N/A       30%         3
 Flame Wave               Conj/Fire      10%        2d5       52%         4
 Gell's Gravitas          Tloc           1%         N/A       56%         3
 Lesser Beckoning         Tloc           1%         N/A       56%         3
 Teleport Other           Tloc           1%         N/A       56%         3


Dungeon Overview and Level Annotations

Branches:
Dungeon (3/15)

Altars:

Annotations:
D:3 3 runed translucent doors, Sigmund; Tinylith's ghost, amateur MiFi


Innate Abilities, Weirdness & Mutations

You have a beak for a mouth.
You have claws for feet.


Message History

Sigmund misses you.
Sigmund is nearby!
Casting: Foxfire (safe; 4% risk of failure)
Confirm with . or Enter, or press ? or * to list all spells.
You miscast Foxfire.
You are very lightly contaminated with residual magic.
Nothing appears to happen.
It was a potion of resistance.
You feel protected. Sigmund hits you but does no damage.
It was a potion of degeneration.
There was something very wrong with that liquid.
You feel weakened.
You feel dopey.
You feel clumsy. Sigmund closely misses you.
It was a potion of might.
You feel very mighty all of a sudden.
You hit Sigmund. You peck Sigmund.
Sigmund is lightly wounded.
Sigmund hits you with a +0 scythe.
You hit Sigmund but do no damage. Your kick misses Sigmund.
Your peck misses Sigmund.
Sigmund is lightly wounded.
Sigmund gestures wildly while chanting.
Sigmund flickers and vanishes!
Deactivating autopickup; reactivate with Ctrl-A.
You miss something. Something hits you but does no damage.
Your magical contamination has completely faded away.
You barely miss something. Your peck misses something. You miss something.
You claw something! Your peck misses something. Something hits you!
You miss something. Your kick misses something.
You hear some strange, mumbled words.
You are confused.
You're too confused to move!
Something hits you.
You miss something. Your kick misses something. You completely miss something.
Your kick misses something. Your peck misses something. Something hits you!
* * * LOW HITPOINT WARNING * * *
You bump into the rock wall.
Something hits you!
You die...

#.###...##.####.##
#.#..............#
#.#.###.##.####..#######
#......................#
#.#.###.########.#####.#
#.#.# #.# #.# #.# #.#.#
#.########.#####.# #.#.#
#.{..............#
#.#.###@.........§######
#†.....#.######.#§#
#......#.#.# #.#.#
#.####.#.#.# #.#.######
# #.#.#.# #.#...>...
#.#.#.# #.########
#.#.#.# #. #.#.#.# #....


There were no monsters in sight!

Vanquished Creatures
  2 adders (D:2)
  A worm (D:2)
  A dart slug (D:1)
  3 bats
  4 endoplasms
  A giant cockroach (D:2)
  7 goblins
  6 hobgoblins
  5 jackals
  3 quokkas
  4 ball pythons
  A frilled lizard (D:2)
  4 kobolds
  5 rats
47 creatures vanquished.

Vanquished Creatures (others)
  177 foxfires
  6 plants (D:1)
183 creatures vanquished.

Grand Total: 230 creatures vanquished

Notes
Turn   | Place    | Note
-------+----------+-------------------------------------------
     0 | D:1      | kae the Tengu Fire Elementalist began the quest for the
                  | Orb.
     0 | D:1      | Reached XP level 1. HP: 10/10 MP: 4/4
    88 | D:1      | Reached XP level 2. HP: 15/15 MP: 0/6
   162 | D:1      | Learned a level 2 spell: Scorch
   536 | D:1      | Found a faded altar of an unknown god.
   825 | D:2      | Reached XP level 3. HP: 20/20 MP: 4/7
   901 | D:2      | Reached skill level 1 in Fighting
   901 | D:2      | Reached skill level 1 in Armour
   974 | D:2      | You fall into a shaft and drop 1 floor!
  1105 | D:3      | Found a runed translucent gate.
  1105 | D:3      | Found a runed translucent gate.
  1105 | D:3      | Found a runed translucent gate.
  1121 | D:3      | Noticed Tinylith's ghost (amateur MiFi)
  1521 | D:2      | HP: 1/20 [poisoned by an adder]
  1522 | D:2      | Reached XP level 4. HP: 2/25 MP: 4/8
  2798 | D:3      | Noticed Sigmund
  2814 | D:3      | Slain by Sigmund

Illustrated notes

Levels and vault maps discovered:
D:1:      lightli_arrival_windingriver, layout_rooms,
          nicolae_ecumenical_lake_church, minmay_misc_feat_rows
D:2:      minmay_angry_zag, layout_basic
D:3:      layout_loops_ring, gammafunk_ghost_split, uniq_sigmund

Skill      XL: |  1  2  3 |
---------------+----------+-----
Conjurations   | 2 |  2.5
Fighting       | 1 |  1.2
Armour         | 1 |  1.3
Dodging        | |  2.8
Stealth        | |  2.0
Spellcasting   | |  2.4
Fire Magic     | |  3.8

Action                   |  1- 3 |  4- 6 || total
-------------------------+-------+-------++-------
Melee: Unarmed           |     8 |       ||     8
       Kick              |     7 |     2 ||     9
       Dagger            |     3 |    11 ||    14
       Peck              |     1 |     2 ||     3
 Cast: Foxfire           |    63 |    42 ||   105
  Use: Potion            |       |     4 ||     4
Armor: Robe              |     3 |     4 ||     7
Dodge: Dodged            |    12 |     9 ||    21

Table legend: (Time is in decaauts)
 A = Elapsed time spent in this place.
 B = Non-inter-level travel time spent in this place.
 C = Inter-level travel time spent in this place.
 D = Time resting spent in this place.
 E = Time spent auto-exploring this place.
 F = Levels seen in this place.
 G = Mean time per level.
                   A        B        C        D        E       F      G
               +--------+--------+--------+--------+--------+-----+--------+
         Total |   2815 |   2776 |     39 |      0 |   2394 |   3 |  938.3 |
       Dungeon |   2815 |   2776 |     39 |      0 |   2394 |   3 |  938.3 |
               +--------+--------+--------+--------+--------+-----+--------+

Top non-repeatable levels by time:
     D:2: 1503 daAuts
     D:1: 697 daAuts
     D:3: 614 daAuts
